 Dungeon Crawl Stone Soup version 0.30.1-4-g462c640d31 (webtiles) character file.

Game seed: 8552256766236755649

268 HagarQim the Conjurer (level 6, 38/38 HPs)
             Began as an Octopode Conjurer on Sept 7, 2023.
             Was a Follower of Zin.
             Quit the game on level 3 of the Dungeon.
             The game lasted 00:08:52 (3168 turns).

HagarQim the Conjurer (Octopode Conjurer)           Turns: 3168, Time: 00:08:52

Health: 38/38      AC:  1    Str:  6    XL:     6   Next: 21%
Magic:  10/10      EV: 13    Int: 22    God:    Zin [*.....]
Gold:   67         SH:  0    Dex: 11    Spells: 7/10 levels left

rFire   . . .        c - +0 hand axe (holy)
rCold   + . .        (no shield)
rNeg    . . .        (helmet restricted)
rPois   .            e - amulet of guardian spirit
rElec   .            p - ring of protection from cold
rCorr   .            (no ring)
SInv    .            (no ring)
Will    .....        (no ring)
Stlth   +++          (no ring)
HPRegen 0.26/turn    (no ring)
MPRegen 0.12/turn    (no ring)
                     (no ring)

%: guardian spirit
@: no status effects
A: almost no armour, amphibious, 8 rings, camouflage 1, gelatinous body 1,
(nimble swimmer 1), tentacles
a: Renounce Religion, Recite, Donate Gold


You were on level 3 of the Dungeon.
You worshipped Zin.
Zin was aware of your devotion.
You visited 1 branch of the dungeon, and saw 3 of its levels.

You collected 74 gold pieces.
You donated 7 gold pieces to Zin.

Inventory:

Hand Weapons
 c - a +0 hand axe of holy wrath (weapon)
 d - a +0 dagger
Missiles
 j - 5 javelins
Jewellery
 e - an amulet of guardian spirit (around mantle)
 p - a ring of protection from cold (left tentacle)
Scrolls
 b - 2 scrolls of identify {unknown}
 g - a scroll of silence {unknown}
 h - a scroll of acquirement {unknown}
 i - 4 scrolls of teleportation {unknown}
 m - 2 scrolls of fear {unknown}
 n - 3 scrolls of amnesia {unknown}
 o - a scroll of immolation {unknown}
 r - a scroll of blinking {unknown}
 s - 5 scrolls of poison {unknown}
 u - a scroll of enchant armour {unknown}
Potions
 a - 2 potions of magic
 f - a potion of flight
 k - a potion of might {unknown}
 l - a potion of curing {unknown}
 q - 2 potions of invisibility {unknown}
 t - 2 potions of berserk rage {unknown}
 v - 2 potions of brilliance {unknown}
 w - a potion of cancellation {unknown}
 x - a potion of heal wounds {unknown}
 z - a potion of degeneration {unknown}


   Skills:
 + Level 1.3 Fighting
 + Level 1.9 Axes
 + Level 2.7 Dodging
 + Level 4.3 Stealth
 + Level 2.7 Spellcasting
 + Level 5.5 Conjurations


You had 7 spell levels left.
You knew the following spells:

 Your Spells              Type           Power      Damage    Failure   Level
a - Magic Dart            Conj           100%       1d8       1%          1
b - Searing Ray           Conj           54%        2d6       1%          2

Your spell library contained the following spells:

 Spells                   Type           Power      Damage    Failure   Level
 Dazzling Flash           Conj/Hex       30%        N/A       12%         3
 Fulminant Prism          Conj/Hex       7%         3d7       38%         4
 Iskenderun's Mystic Bla  Conj/Tloc      15%        2d5       38%         4


Dungeon Overview and Level Annotations

Branches:
Dungeon (3/15)

Altars:
Zin


Innate Abilities, Weirdness & Mutations

You cannot wear most types of armour.
You are amphibious.
You can wear up to eight rings at the same time.
Your skin changes colour to match your surroundings (Stealth+).
Your rubbery body absorbs attacks. (AC +1, EV +1)
((You are camouflaged when in or above water. (Stealth+)))
You have tentacles for arms and can constrict up to eight enemies at once.


Message History

x - a murky puce potion You pay a tithe of 1 gold.
You now have 67 gold pieces (gained 11).
n - 3 scrolls labelled HIRGHUPRAOCH (gained 1)
Found 9 stones.
z - a bubbling yellow potion
Found a helmet.
You see here 9 stones.
You see here a +0 leather armour.
You open the door.
An orc comes into view. It is wielding a +0 short sword.
Save game and exit?
Welcome back, HagarQim the Octopode Conjurer.
Zin says: Spread the light, my child.
Press ? for a list of commands and other information.
There is an open door here.
The helpless orc fails to defend itself.
You hit the orc. Your grab misses the orc.
The orc is severely wounded.
The orc hits you with a +0 short sword.
You hit the orc.
You kill the orc!
You see here a +0 short sword.
You see here a +0 short sword.
There is an open door, spattered with blood here.
You open the door.
There is a stone staircase leading up here.
You see here a bat corpse.
You open the door.
There is an open door here.
Done exploring.
Done exploring.
Done exploring.
Done exploring.
You can't go up here!
Cast which spell? (? or * to list)
You don't know that spell.
Adjust (i)tems, (s)pells, or (a)bilities?
Okay, then.
Are you sure you want to abandon this character and quit the game? (Confirm with "yes".)

##'#.........#
#.#########.#
#...).....#.#
#########.#.#
#.#.# #.#.#
#.#.# #.#.#
#@..# #####


There were no monsters in sight!

Vanquished Creatures
  An ogre (D:3)
  2 orc priests
  An iguana (D:3)
  4 adders
  9 orcs
  3 ball pythons
  5 endoplasms
  4 giant cockroaches
  7 hobgoblins
  5 jackals
  2 quokkas (D:3)
  3 bats (D:3)
  2 frilled lizards
  2 goblins
  3 kobolds
  3 rats
56 creatures vanquished.

Notes
Turn   | Place    | Note
-------+----------+-------------------------------------------
     0 | D:1      | HagarQim the Octopode Conjurer began the quest for the Orb.
     0 | D:1      | Reached XP level 1. HP: 11/11 MP: 3/3
   207 | D:1      | Found a faded altar of an unknown god.
   213 | D:1      | Prayed at the altar of an unknown god.
   213 | D:1      | Became a worshipper of Zin the Law-Giver
   213 | D:1      | Reached * piety under Zin
   215 | D:1      | Reached XP level 2. HP: 17/17 MP: 3/5
  1048 | D:2      | Learned a level 2 spell: Searing Ray
  1598 | D:2      | Reached XP level 3. HP: 21/21 MP: 1/6
  1747 | D:2      | Reached skill level 5 in Conjurations
  1747 | D:2      | Reached XP level 4. HP: 6/27 MP: 1/7
  2339 | D:3      | Reached XP level 5. HP: 32/32 MP: 3/8
  2409 | D:3      | Reached skill level 1 in Axes
  2550 | D:3      | Noticed an ogre
  2556 | D:3      | Killed an ogre
  2557 | D:3      | Reached skill level 1 in Fighting
  2557 | D:3      | Reached XP level 6. HP: 38/38 MP: 1/9
  3168 | D:3      | Quit the game

Illustrated notes

Levels and vault maps discovered:
D:1:      tarquinn_simple_flora_water_c, layout_loops_ring,
          hellmonk_ecumenical_altar_heavens_door
D:2:      layout_loops_ring
D:3:      layout_basic, hex_intersection, grunt_ministairs_13

Skill      XL: |  1  2  3  4  5 |
---------------+----------------+-----
Stealth        | 3 4 |  4.3
Conjurations   | 5 |  5.5
Axes           | 1 |  1.9
Fighting       | 1 |  1.3
Dodging        | |  2.7
Spellcasting   | |  2.7

Action                     |  1- 3 |  4- 6 || total
---------------------------+-------+-------++-------
  Melee: Hand axe          |    21 |    28 ||    49
         Constrict         |     5 |     6 ||    11
         Tentacles         |     2 |     4 ||     6
         Punch             |     1 |       ||     1
   Cast: Magic Dart        |    30 |    44 ||    74
         Searing Ray       |     1 |     1 ||     2
    Use: Potion            |       |     1 ||     1
   Stab: Sleeping          |     2 |     1 ||     3
 Armour: Skin              |     1 |     7 ||     8
  Dodge: Dodged            |    23 |    49 ||    72
